 Dungeon Crawl Stone Soup version 0.29.1-14-g9c671dbff4 (webtiles) character file.

Game seed: 11036162092756587184

32 H0rd4k the Charlatan (level 3, -7/24 HPs)
             Began as an Octopode Artificer on Feb 14, 2023.
             Shot with a sling bullet by a gnoll (10 damage)
             ... on level 2 of the Dungeon.
             The game lasted 00:00:39 (1449 turns).

H0rd4k the Charlatan (Octopode Artificer)           Turns: 1449, Time: 00:00:40

Health: -7/24      AC:  1    Str: 11    XL:     3   Next: 27%
Magic:  5/5        EV: 13    Int: 15    God:
Gold:   36         SH:  0    Dex: 12    Spells: 5/5 levels left

rFire   . . .      SeeInvis .   (no weapon)
rCold   . . .      Faith    .   (no shield)
rNeg    . . .      Spirit   .   (helmet restricted)
rPois   .          Reflect  .   (no amulet)
rElec   .          Harm     .   (no ring)
rCorr   .          Rampage  .   (no ring)
Will    .....                   (no ring)
Stlth   +++.......              (no ring)
HPRegen 0.08/turn               (no ring)
MPRegen 0.09/turn               (no ring)
                                (no ring)
                                (no ring)

@: no status effects
A: almost no armour, amphibious, 8 rings, camouflage 1, gelatinous body 1,
(nimble swimmer 1), tentacles
a: no special abilities


You were on level 2 of the Dungeon.
You visited 1 branch of the dungeon, and saw 2 of its levels.

You collected 36 gold pieces.

Inventory:

Wands
 b - a wand of flame (15) (quivered)
 c - a wand of charming (15)
 d - a wand of iceblast (5)
Scrolls
 a - 4 scrolls of identify {unknown}
 e - a scroll of acquirement {unknown}
 g - a scroll of enchant weapon {unknown}
 h - a scroll of enchant armour {unknown}
Potions
 f - a potion of heal wounds {unknown}


   Skills:
 * Level 1.9 Fighting
 - Level 2.3 Dodging
 - Level 1.3 Stealth
 + Level 0.8 Unarmed Combat
 * Level 1.6 Spellcasting
 - Level 3.2 Evocations


You had 5 spell levels left.
You didn't know any spells.
Your spell library contained the following spells:

 Spells                   Type           Power      Damage    Failure   Level
 Beastly Appendage        Tmut           2%         N/A       24%         1


Dungeon Overview and Level Annotations

Branches:
Dungeon (2/15)

Altars:

Shops:
D:2 !


Innate Abilities, Weirdness & Mutations

You cannot wear most types of armour.
You are amphibious.
You can wear up to eight rings at the same time.
Your skin changes colour to match your surroundings (Stealth+).
Your rubbery body absorbs attacks. (AC +1, EV +1)
((You are camouflaged when in or above water. (Stealth+)))
You have tentacles for arms and can constrict up to eight enemies at once.


Message History

The kobold hits you but does no damage.
You barely miss the kobold. Your grab misses the kobold.
The kobold closely misses you.
You barely miss the kobold. Your grab misses the kobold.
A kobold is nearby!
You barely miss the kobold. You grab the kobold. You constrict the kobold.
The kobold closely misses you.
A kobold is nearby!
You tentacle-slap the kobold but do no damage.
The kobold is moderately wounded.
You constrict the kobold. The kobold hits you with a +0 club.
A kobold is nearby!
You tentacle-slap the kobold.
You kill the kobold!
HP restored.
Things that are here:
a +0 club; a kobold corpse 2 gnolls come into view.
The gnoll shouts!
You hear a shout!
A gnoll comes into view. It is wielding a +0 sling.
A ball python comes into view.
A goblin comes into view. It is wielding a +0 dagger.
A gnoll comes into view. It is wielding a +0 club.
The gnoll shouts!
The gnoll hits you with a +0 club!
There are monsters nearby!
You completely miss the gnoll.
The ball python hisses angrily.
You grab the gnoll. You squeeze the gnoll.
The gnoll is lightly wounded.
You constrict the gnoll. The gnoll hits you with a +0 club.
The gnoll shoots a sling bullet.
The sling bullet closely misses you.
There are monsters nearby!
You release your grip on the gnoll.
The goblin attacks as you move away! The goblin hits you but does no damage.
The gnoll shoots a sling bullet.
The sling bullet completely misses you. The gnoll attacks as you move away!
The gnoll hits you with a +0 club!
* * * LOW HITPOINT WARNING * * *
The gnoll shoots a sling bullet.
The sling bullet hits you!
You die...

.........
........##
.........#
.........# ###
.......g.# #..
..g.g.Sg.# #.#
.......g## #.#
.........#####
#.#
########.@...###
#.# #####...#
#.# ###.###.#
#.....#
#....####
#.......#
##......###
#....).'.#
#......#.#


You could see 4 gnolls and a ball python.

Vanquished Creatures
  2 dart slugs
  5 endoplasms (D:1)
  2 giant cockroaches (D:1)
  2 goblins (D:1)
  5 hobgoblins (D:1)
  A bat (D:1)
  3 frilled lizards (D:1)
  5 kobolds
25 creatures vanquished.

Notes
Turn   | Place    | Note
-------+----------+-------------------------------------------
     0 | D:1      | H0rd4k the Octopode Artificer began the quest for the Orb.
     0 | D:1      | Reached XP level 1. HP: 13/13 MP: 1/1
   147 | D:1      | Reached skill level 1 in Spellcasting
   147 | D:1      | Reached XP level 2. HP: 12/18 MP: 3/3
   531 | D:1      | Found a faded altar of an unknown god.
   646 | D:1      | Got Plato's Incunabulum of Transfiguration
   735 | D:1      | Reached XP level 3. HP: 24/24 MP: 5/5
  1381 | D:2      | Found Pyteg's Distillery.
  1449 | D:2      | Shot with a sling bullet by a gnoll

Illustrated notes

Levels and vault maps discovered:
D:1:      enne_arrival_octagon_isle, layout_basic,
          shapermc_ecumenical_altar_rom_forum, minivault_4
D:2:      layout_basic, serial_shops, shop

Skill      XL: |  1 |
---------------+----+-----
Spellcasting   | 1 |  1.6
Fighting       | |  1.9
Dodging        | |  2.3
Stealth        | |  1.3
Unarmed Combat | |  0.8
Evocations     | |  3.2

Action                   || total
-------------------------++-------
Melee: Unarmed           ||    62
       Constrict         ||    20
       Tentacles         ||    20
       Punch             ||     1
 Stab: Sleeping          ||     5
Armor: Skin              ||     5
Dodge: Dodged            ||    32
